[Event "3rd Sunway Formentera-A 2024"]
[Site "Formentera"]
[Date "2024.04.10"]
[Round "2.10"]
[White "Svensen, Tarjei Joten"]
[Black "Kazarian, Anna-Maja"]
[Result "0-1"]
[ECO "D94"]
[WhiteElo "2054"]
[BlackElo "2207"]
[Annotator "TA"]
[PlyCount "120"]
[EventDate "2024.04.03"]
[EventType "swiss"]
[EventCountry "ESP"]
[SourceTitle "playchess.com"]
[Source "ChessBase"]
[SourceQuality "1"]
[TimeControl "40/5400+30:1800+30"]

1. d4 d5 2. Nf3 Nf6 3. c4 c6 4. Nc3 g6 5. e3 Bg7 6. Bd3 O-O 7. h3 b6 8. O-O Bb7 9. b3 c5 {[%emt 0:03:23] The position is equal.} 10. cxd5 cxd4 11. exd4 Nxd5 12. Nxd5 Bxd5 13. Bb2 Nc6 14. Ne5 Nb4 15. Bc4 Bxc4 16. bxc4 Bxe5 17. dxe5 Nd3 18. Qe2 Nxb2 19. Qxb2 Qc7 20. Rac1 (20. Rfc1 $11 {remains equal.}) 20... Rfd8 $17 {[%emt 0:00:55] Black continues to play with concentration.} 21. e6 f6 22. Qe2 Rd4 23. Rfd1 Rad8 24. Rxd4 Rxd4 {[%emt 0:00:06][%mdl 4096] Endgame. KQR-KQR} 25. g3 Qc6 26. c5 bxc5 $19 27. Qb2 Qb6 (27... Qxe6 28. Qb8+ Kf7 29. Qxa7 $17) 28. Qa3 Rd5 (28... Qxe6 29. Qxa7 Rd2 (29... Qxh3 30. Qxe7 Qh5 31. Qe6+ Kg7 32. Qe7+ Kg8 33. Qe8+ Kg7 34. Qe7+ Kg8 $11) 30. Qxc5 $15) 29. Qa4 Kg7 (29... Qxe6 30. Qxa7 Kf7 (30... Qxh3 $2 31. Qa8+ Kg7 32. Qxd5 $18) 31. h4) 30. h4 a6 (30... Qxe6 31. Qxa7 Qe2 32. a4 $17) 31. Re1 Qb4 32. Re4 Qxa4 33. Rxa4 {[%emt 0:00:03] KR-KR} Rd6 34. Rc4 Rc6 (34... Rxe6 35. Rxc5 Re5 36. Rc4 $17) 35. g4 g5 36. Kg2 gxh4 ({Weaker is} 36... Rxe6 37. hxg5 Rc6 (37... fxg5 38. Rxc5 h6 39. Kg3 $15) 38. gxf6+ Kxf6 (38... exf6 39. Kf3 $15) 39. Kf3 $15) 37. Kh3 Kg6 {[%emt 0:03:59] ...f5 is the strong threat.} ({But not} 37... Rxe6 38. Rxc5 Re2 39. Ra5 $17) 38. Kxh4 f5 {[%emt 0:00:22] Strongly threatening ...Kf6.} (38... Rxe6 39. Rxc5 Re2 40. Ra5 $19) 39. g5 (39. Kg3 {was forced.}) 39... Rxe6 40. Rxc5 Re4+ 41. Kg3 Kxg5 42. Ra5 Re6 43. f4+ Kf6 44. Kh4 Kg6 45. Ra3 Rc6 46. Re3 Kf6 47. Ra3 e6 48. Kg3 h5 {[%emt 0:02:49] Hoping for ...Rc4.} 49. Kh4 $2 (49. Ra5) 49... Rc4 50. Rxa6 (50. Kg3 $142 h4+ 51. Kxh4 Rxf4+ 52. Kg3) 50... Rxf4+ 51. Kxh5 Rg4 {[%emt 0:10:54] [#] ( -> ...Rg8)} 52. a4 Rg8 {[%emt 0:04:03][%cal Rg8h8] Black mates.} 53. Kh4 f4 54. Rb6 Kf5 55. Kh3 e5 56. a5 f3 57. Rb7 Kf4 58. Rf7+ Ke3 59. a6 f2 60. a7 Ke2 {[%emt 0:00:14] Weighted Error Value: White=0.53/Black=0.13 (very precise) .  Mistake:       	White=5     	---        Inaccurate:     	White=6     	Black=1      OK:         	White=10    	Black=25     Best:        	White=1     	Black=6} 0-1

[Event "3rd Sunway Formentera-A 2024"]
[Site "Formentera"]
[Date "2024.04.10"]
[Round "2.11"]
[White "Shimelkov, Vasiliy"]
[Black "Botez, Andrea"]
[Result "1-0"]
[ECO "E92"]
[WhiteElo "2112"]
[BlackElo "1879"]
[Annotator "TA"]
[PlyCount "91"]
[EventDate "2024.04.03"]
[EventType "swiss"]
[EventCountry "ESP"]
[SourceTitle "playchess.com"]
[Source "ChessBase"]
[SourceQuality "1"]
[TimeControl "40/5400+30:1800+30"]

1. d4 Nf6 2. Nf3 g6 3. c4 Bg7 4. Nc3 d6 5. e4 O-O 6. Be2 e5 7. dxe5 dxe5 8. Qxd8 Rxd8 9. Bg5 Re8 10. O-O-O Na6 11. Nd2 c6 12. Nb3 Nc7 13. f3 Ne6 {[%emt 0:01:25] The position is equal.} 14. Be3 Bf8 15. g3 Nd7 16. Rd2 Ndc5 17. Na5 Be7 18. Rhd1 Kg7 19. f4 Bf6 20. Bf3 h5 21. Bg2 Na6 22. Nb3 Nec7 23. h3 (23. f5 $14) 23... h4 $11 24. gxh4 exf4 25. Bxf4 Bxh4 26. Be3 Ne6 27. Nd4 (27. Rf1 $15) 27... Bf6 ({Black should play} 27... Nxd4 $17 28. Bxd4+ Bf6 29. Bxf6+ Kxf6) 28. Nf3 Rh8 (28... Be7 $15) 29. e5 Be7 30. Ne4 Bb4 31. Rf2 {[%emt 0:00:41] White is much more active.} Bc5 (31... Rh5 $142) 32. Nxc5 $16 Nexc5 {[%emt 0:00:21] [#]} 33. Ng5 $1 Bf5 {[%emt 0:00:28] [#]} 34. b4 $1 Ne6 35. Nxe6+ Bxe6 {[%emt 0:00:06] Black is weak on the dark squares} 36. Bg5 {[%emt 0:00:10] Inhibits Rh4.} Rhe8 $2 {[%emt 0:02:55][%mdl 8192] Black cannot hold the game after this.} (36... Rh5 $16 37. Bf6+ Kh6) 37. Bf6+ $18 Kh6 38. a3 {[%emt 0:01:32] Black must now prevent Rg1.} Nc7 39. Bf3 $40 {[%emt 0:02:09][%mdl 128] White attacks with force.} Bf5 $2 (39... Rg8) 40. Rd4 g5 {[%emt 0:00:00][%cal Bg6g5,Bg5g4][%mdl 32] [#] Prevents Rh4+} 41. Bxc6 $2 Ne6 (41... bxc6 $16 42. Rxf5 Ne6) 42. Bxe8 {[%emt 0:00:31] This pair of bishops is nice.} Nxd4 43. Bxf7 {[%emt 0:00:11][%cal Oe5e6] Strongly threatening e6!} Bxh3 (43... Be6) 44. Rh2 {[%emt 0:00:41][%cal Rh2h3] White is clearly winning.} g4 45. e6 Nf3 46. Rh1 {[%emt 0:00:09] Weighted Error Value: White=0.25 (precise) /Black=0.59.  Loses game:     	---       	Black=1      Mistake:       	White=2     	Black=5      Inaccurate:     	---       	Black=2      OK:         	White=13    	Black=10     Best:        	White=3     	Black=5      Strong:       	White=1     	---        Brilliant:      	White=1     	---} 1-0

[Event "3rd Sunway Formentera-A 2024"]
[Site "Formentera"]
[Date "2024.04.10"]
[Round "2.12"]
[White "Pranav, V."]
[Black "Tsatsalashvili, Keti"]
[Result "1-0"]
[ECO "B12"]
[WhiteElo "2604"]
[BlackElo "2315"]
[Annotator "TA"]
[PlyCount "73"]
[EventDate "2024.04.03"]
[EventType "swiss"]
[EventCountry "ESP"]
[SourceTitle "playchess.com"]
[Source "ChessBase"]
[SourceQuality "1"]
[TimeControl "40/5400+30:1800+30"]

1. e4 c6 2. d4 d5 3. e5 Bf5 4. Nf3 e6 5. Be2 Ne7 6. O-O Nd7 7. c3 Bg6 8. Nh4 Nf5 9. Nxg6 hxg6 {[%emt 0:00:07] The position is equal.} 10. Nd2 Be7 11. Nf3 Rc8 12. g4 Nh4 13. Nxh4 Rxh4 14. f4 Nf8 15. Be3 a6 16. Bd3 Qb6 (16... f5 $14) 17. b4 a5 18. a3 Ra8 19. Qf3 {[%emt 0:01:32] aiming for f5.} Qd8 20. Kh1 {[%emt 0:06:53] White is more active.} (20. Bf2 $142) 20... f5 $16 21. exf6 Bxf6 (21... gxf6 $16 {was necessary.} 22. Bf2 Rh8) 22. b5 $18 Qd6 23. a4 Kf7 24. Ra2 cxb5 $2 {[%emt 0:01:36] A mistake that costs the game.} (24... Kg8 $16 25. Re2 Qa3) 25. Bxb5 ({Not} 25. axb5 Kg8 26. Bf2 Rh7 $18) (25. Bf2 $142) 25... Rc8 $2 (25... Kg8 26. Rg2 Rd8) 26. Bf2 Rh8 27. Bg3 {[%emt 0:00:18] [#] Hoping for f5. This pair of bishops is nice.} Qd8 (27... Rh3 $142 28. Kg2 Rxg3+ 29. hxg3 Kg8) 28. Re2 {[%emt 0:00:29] White is clearly winning.} Kg8 29. f5 gxf5 30. gxf5 Nh7 31. Bf4 Ng5 32. Bxg5 Bxg5 {[%emt 0:00:05] Black is weak on the light squares} 33. fxe6 {[%emt 0:00:11] [#] Qf7+ would kill now.} Qe7 34. Qf7+ Qxf7 35. exf7+ Kh7 36. Re8 Bf6 37. Rfe1 {[%emt 0:00:45] Weighted Error Value: White=0.17 (very precise) /Black=0.51.  Mistake:       	White=2     	Black=5      Inaccurate:     	White=2     	Black=7      OK:         	White=10    	Black=5      Best:        	White=2     	---} 1-0

[Event "3rd Sunway Formentera-A 2024"]
[Site "Formentera"]
[Date "2024.04.11"]
[Round "3.1"]
[White "Donchenko, Alexander"]
[Black "Balakrishnan, Praveen"]
[Result "1/2-1/2"]
[ECO "D02"]
[WhiteElo "2633"]
[BlackElo "2500"]
[Annotator "TA"]
[PlyCount "65"]
[EventDate "2024.04.03"]
[EventType "swiss"]
[EventCountry "ESP"]
[SourceTitle "playchess.com"]
[Source "ChessBase"]
[SourceQuality "1"]
[TimeControl "40/5400+30:1800+30"]

1. Nf3 Nf6 2. d4 d5 3. Bf4 c5 4. e3 Nc6 5. Nbd2 Bg4 6. c3 e6 7. Bb5 Nd7 8. h3 Bh5 9. O-O a6 10. Be2 Be7 11. c4 Nb6 ({Black should play} 11... O-O $11) 12. dxc5 $14 Bxc5 13. Rc1 {[%emt 0:01:03] [#] cxd5 is the strong threat.} Be7 14. Ne5 Bxe2 15. Qxe2 Nxe5 16. Bxe5 Bf6 17. Bxf6 Qxf6 18. e4 dxc4 {[%emt 0:03:36] The position is equal.} 19. Nxc4 Nxc4 20. Rxc4 O-O 21. Rc7 b5 22. Rfc1 Qe5 23. R1c5 Qd4 24. R5c6 h6 25. e5 Rfd8 26. g3 Qd1+ 27. Qxd1 Rxd1+ $11 {[%emt 0:00:06][%mdl 4096] Endgame. KRR-KRR} 28. Kg2 Rd5 29. Rc5 Rad8 30. Rxd5 Rxd5 31. Ra7 Rd2 32. Rxa6 Rxb2 33. a4 {[%emt 0:00:11] Weighted Error Value: White=0.06 (flawless) /Black=0.06 (flawless) .  Mistake:       	---       	Black=1      Inaccurate:     	White=3     	Black=1      OK:         	White=9     	Black=10     Best:        	White=2     	Black=1} 1/2-1/2

[Event "3rd Sunway Formentera-A 2024"]
[Site "Formentera"]
[Date "2024.04.11"]
[Round "3.2"]
[White "Moussard, Jules"]
[Black "Xiao, Tong(Qd)"]
[Result "1/2-1/2"]
[ECO "B52"]
[WhiteElo "2610"]
[BlackElo "2484"]
[Annotator "TA"]
[PlyCount "71"]
[EventDate "2024.04.03"]
[EventType "swiss"]
[EventCountry "ESP"]
[SourceTitle "playchess.com"]
[Source "ChessBase"]
[SourceQuality "1"]
[TimeControl "40/5400+30:1800+30"]

1. e4 c5 2. Nf3 d6 3. Bb5+ Bd7 4. c4 Nc6 5. Nc3 Nf6 6. O-O g6 7. Bxc6 Bxc6 8. d4 cxd4 9. Nxd4 Bg7 10. Qd3 O-O 11. Rd1 Nd7 12. Be3 Rc8 13. f3 Nc5 14. Qe2 Bd7 15. Rac1 Na4 16. Nb1 Nc5 17. b3 Ne6 18. Nxe6 Bxe6 19. Nc3 ({Of course not} 19. Bxa7 b6 20. Qf2 Rc5 $15) 19... Qa5 20. Nd5 Bxd5 21. exd5 (21. Rxd5 $14 {is superior.} Qa3 22. Qd2) 21... Rfe8 22. a4 a6 23. Qd3 Qb4 24. Bd2 Qb6+ 25. Be3 Qb4 26. Kf1 e6 27. dxe6 Rxe6 28. Re1 Rce8 {[%emt 0:01:14][%cal Og7h6] [#] ...Bh6! is the strong threat.} 29. Bf2 Qa3 30. Qc2 h5 31. Rxe6 Rxe6 32. Rd1 Qb2 33. Qxb2 Bxb2 34. b4 Bc3 35. b5 Bb4 36. Rd5 {[%emt 0:05:08] Weighted Error Value: White=0.08 (flawless) /Black=0.06 (flawless) .  Mistake:       	White=1     	---        Inaccurate:     	White=1     	Black=2      OK:         	White=9     	Black=10} 1/2-1/2

[Event "3rd Sunway Formentera-A 2024"]
[Site "Formentera"]
[Date "2024.04.11"]
[Round "3.3"]
[White "Alsina Leal, Daniel"]
[Black "Pranav, V."]
[Result "0-1"]
[ECO "C70"]
[WhiteElo "2497"]
[BlackElo "2604"]
[Annotator "TA"]
[PlyCount "110"]
[EventDate "2024.04.03"]
[EventType "swiss"]
[EventCountry "ESP"]
[SourceTitle "playchess.com"]
[Source "ChessBase"]
[SourceQuality "1"]
[TimeControl "40/5400+30:1800+30"]

1. e4 e5 2. Nf3 Nc6 3. Bb5 a6 4. Ba4 Bc5 5. c3 Nge7 6. d4 {[%emt 0:01:26] C70: Ruy Lopez: 3...a6 4 Ba4, Norwegian and Delayed Schliemann.} exd4 7. cxd4 Bb4+ 8. Bd2 Bxd2+ 9. Qxd2 d5 10. exd5 Nxd5 11. Bxc6+ bxc6 12. O-O O-O 13. Nc3 Ne7 $1 $146 {[%emt 0:02:41][%mdl 8] A relevant novelty.} ({Predecessor:} 13... Nf6 14. Ne5 Qd6 15. Rad1 Be6 16. b3 Rfd8 17. Na4 Bd5 18. Nc5 Ne4 19. Nxe4 Bxe4 {1-0 Ter Sahakyan,S (2649)-Le,T (2567) Chessable Masters Play In rapid 2024 (6)}) 14. Rfe1 h6 15. h3 Be6 16. b3 Re8 17. Rac1 a5 18. Re5 Qd7 19. Rce1 Ng6 20. R5e4 Red8 21. Ne5 (21. Qc1 $14) 21... Nxe5 $11 22. Rxe5 Qxd4 23. Qxd4 Rxd4 24. Rc5 Bd7 25. Ree5 Rd3 26. Kf1 f6 27. Re4 Rd2 28. Ra4 Re8 29. Raxa5 (29. Rcxa5 $11 Rc2 30. Nd1) 29... Ree2 $1 $17 30. Nd1 (30. Nxe2 $2 Rd1#) 30... Be8 (30... Rxd1+ $2 31. Kxe2 Rg1 32. g4 $18) ({Better is} 30... Rxa2 $1 $17 31. b4 Kf7) 31. Ra8 (31. a4 $11) 31... Kh7 (31... Rxd1+ $2 32. Kxe2 Rg1 33. Rxe8+ $18) 32. a4 Bf7 (32... Rxd1+ $2 33. Kxe2 $18) 33. Rd8 $2 (33. Rc3 $11 {and White has nothing to worry.}) 33... Bd5 $19 (33... Bxb3 34. Rxd2 Rxd2 35. Nc3) (33... Rxd8 34. Kxe2 Bxb3 35. Nc3 $11) 34. Rb8 {[%emt 0:00:38] [#]} (34. g4 $142) 34... Be4 $1 $19 (34... Rxd1+ $2 35. Kxe2 Ra1 36. g3 $18) 35. Rc3 {[%emt 0:00:31] [#]} Bc2 $1 (35... Rxd1+ 36. Kxe2 Ra1 37. f3 $18) ({Don't go for} 35... Bd3 $2 36. Rxd3 Ra2 37. Rd7 $18) 36. Ne3 Rxf2+ 37. Kg1 Be4 38. a5 f5 ({Don't take} 38... Bxg2 39. Rd8 Ra2 (39... Rxd8 $2 40. Kxf2 Be4 41. Rc4 $19) 40. Rd1 $19) 39. Re8 Rfe2 40. a6 Ra2 41. Re7 Rxa6 42. Kh2 Kg6 43. Kg3 Kf6 44. Rxe4 fxe4 45. Kf4 Rb6 46. Kxe4 Rb2 47. Rd3 (47. Nc2 $142) 47... R2xb3 48. Rd7 R6b5 49. Kd4 R5b4+ 50. Kc5 Re4 51. Ng4+ Ke6 52. Rxc7 Rc3+ 53. Kb6 Rb4+ 54. Ka5 Rb8 55. Ka4 Rc1 0-1

[Event "3rd Sunway Formentera-A 2024"]
[Site "Formentera"]
[Date "2024.04.11"]
[Round "3.4"]
[White "Fernandez Guillen, Ernesto J."]
[Black "Baklan, Vladimir"]
[Result "1/2-1/2"]
[ECO "B33"]
[WhiteElo "2474"]
[BlackElo "2531"]
[Annotator "TA"]
[PlyCount "166"]
[EventDate "2024.04.03"]
[EventType "swiss"]
[EventCountry "ESP"]
[SourceTitle "playchess.com"]
[Source "ChessBase"]
[SourceQuality "1"]
[TimeControl "40/5400+30:1800+30"]

1. e4 c5 2. Nf3 Nc6 3. Nc3 Nf6 4. d4 cxd4 5. Nxd4 e5 6. Ndb5 d6 7. Bg5 a6 8. Na3 b5 9. Nd5 Be7 10. Bxf6 Bxf6 11. c4 b4 12. Nc2 a5 13. g3 {[%emt 0:02:48] B33: Sicilian: Pelikan and Sveshnikov Variations.} g6 14. h4 Bg7 15. Bh3 Bb7 16. Qd3 O-O 17. O-O $146 ({Predecessor:} 17. a3 bxa3 18. Rxa3 Nb8 19. O-O Na6 20. Nce3 Nc5 21. Qc2 Bh6 22. Ng4 Bg7 23. Nge3 {0-1 Bartel,M (2302)-Bednarek,S (2320) POL-chT Warsaw 2012 (7.2)}) 17... Rb8 18. Rfd1 Ba8 19. b3 Re8 20. Bg2 Nd4 21. Nxd4 exd4 22. Nf4 Rb7 23. a3 Qb8 24. Rdb1 Rbe7 25. axb4 Qxb4 26. Qd1 Bc6 27. Nd3 Qb6 28. Qd2 Ra7 29. Ra3 h5 30. Rba1 Rb7 31. b4 axb4 32. Ra6 Qc7 33. Rxc6 Qxc6 34. e5 d5 35. Bxd5 Qc7 36. Bxb7 Qxb7 37. Qf4 Rd8 38. e6 fxe6 39. Qg5 Rb8 40. Qxg6 Qf7 41. Qe4 b3 42. Ra8 Rxa8 43. Qxa8+ Kh7 44. Qb8 e5 45. Qxb3 e4 46. Nf4 d3 47. Qd1 Bh6 48. Nxd3 exd3 49. Qxd3+ Kg8 50. Qd8+ Bf8 51. Qg5+ Kh7 52. c5 Qf3 53. c6 Qxc6 54. Qxh5+ Kg8 55. Qf5 Kg7 56. Kh2 Qf6 57. Qg4+ Qg6 58. Qe2 Qf5 59. Kg2 Qd5+ 60. Kh3 Qf5+ 61. g4 Qf4 62. Qb2+ Kg8 63. Qb3+ Kg7 64. Qc3+ Kh7 65. Qd3+ Kg7 66. Qg3 Qxg3+ 67. Kxg3 Bb4 68. Kf4 Be1 69. Ke3 Kg6 70. Ke2 Ba5 71. f4 Bd8 72. h5+ Kh6 73. Kf3 Ba5 74. Ke4 Bd2 75. Kf5 Bc1 76. Ke5 Bd2 77. f5 Kg5 78. Ke6 Kxg4 79. h6 Bxh6 80. f6 Kg5 81. f7 Bf8 82. Kd5 Kf6 83. Ke4 Kxf7 1/2-1/2

[Event "3rd Sunway Formentera-A 2024"]
[Site "Formentera"]
[Date "2024.04.11"]
[Round "3.5"]
[White "Colbow, Collin"]
[Black "Ivanchuk, Vasyl"]
[Result "0-1"]
[ECO "C55"]
[WhiteElo "2376"]
[BlackElo "2611"]
[Annotator "TA"]
[PlyCount "84"]
[EventDate "2024.04.03"]
[EventType "swiss"]
[EventCountry "ESP"]
[SourceTitle "playchess.com"]
[Source "ChessBase"]
[SourceQuality "1"]
[TimeControl "40/5400+30:1800+30"]

1. e4 e5 2. Nf3 Nc6 3. Bc4 Nf6 4. d3 h6 5. O-O d6 6. c3 Be7 7. a4 a5 8. Nbd2 O-O {[%emt 0:01:17] White is slightly better.} 9. Re1 Be6 10. Nf1 Bxc4 11. dxc4 Re8 12. Qd3 Bf8 13. Ne3 Nb8 14. h3 Na6 15. Qc2 Nc5 16. Ng4 Nxg4 17. hxg4 Qd7 18. Nh2 Qe6 19. b3 c6 20. Ba3 d5 21. cxd5 (21. exd5 {with more complications.} cxd5 22. cxd5 Qxd5 23. Bxc5 Bxc5 24. Rad1) 21... cxd5 22. Bxc5 Bxc5 23. exd5 {[%emt 0:05:11] White is weak on the dark squares} Qxd5 24. Rad1 {[%emt 0:00:15] Prevents e4.} Qe6 25. Re4 Red8 26. Nf3 f6 27. Rxd8+ Rxd8 28. g3 {[%emt 0:01:30] [#]} h5 $1 29. Nh2 (29. gxh5 $2 {loses.} Qh3 30. Qe2 Qxg3+ (30... Qxh5 $2 {is the wrong capture.} 31. Qc4+ Qf7 32. Qxc5 $18) 31. Kf1 Qh3+ 32. Kg1 Qxh5 $17) 29... hxg4 {[%emt 0:07:00] Black has more active pieces.} 30. Nxg4 b6 31. c4 $2 {[%emt 0:05:52][%mdl 8192] This costs White the game.} (31. b4 $15 axb4 32. cxb4) 31... Qd6 (31... Qd7 $142 {Threatens to win with ...f5.} 32. Kg2 f5 33. Rxe5 (33. Nxe5 $2 {too greedy.} Qb7 $19) 33... fxg4) 32. Ne3 (32. Re2 $142) 32... Qd3 $19 33. Kg2 Qxc2 34. Nxc2 {[%emt 0:00:03][%mdl 4096] Endgame. KRB-KRN} Rd3 35. Ne3 Rxb3 {[%emt 0:00:17] Black is clearly winning.} 36. Nd5 Rb2 37. Kh3 Rxf2 38. Re1 Rc2 39. Re4 Ra2 40. g4 Ra3+ 41. Kg2 Rxa4 42. g5 Kf7 {[%emt 0:00:30] Weighted Error Value: White=0.39/Black=0.10 (very precise) .  Loses game:     	White=1     	---        Mistake:       	White=1     	Black=1      Inaccurate:     	White=3     	Black=1      OK:         	White=10    	Black=16     Best:        	---       	Black=2} 0-1

[Event "3rd Sunway Formentera-A 2024"]
[Site "Formentera"]
[Date "2024.04.11"]
[Round "3.6"]
[White "Dragnev, Valentin"]
[Black "Tokhirjonova, Gulrukhbegim"]
[Result "1-0"]
[ECO "C54"]
[WhiteElo "2571"]
[BlackElo "2357"]
[Annotator "TA"]
[PlyCount "99"]
[EventDate "2024.04.03"]
[EventType "swiss"]
[EventCountry "ESP"]
[SourceTitle "playchess.com"]
[Source "ChessBase"]
[SourceQuality "1"]
[TimeControl "40/5400+30:1800+30"]

1. e4 e5 2. Nf3 Nc6 3. Bc4 Bc5 4. O-O Nf6 5. d3 d6 6. c3 a6 7. a4 {[%emt 0:00:37] C54: Giuoco Piano: 4 c3 Nf6, main lines with 5 d4 and 5 d3.} Ba7 8. Nbd2 h6 9. Re1 g5 10. Nf1 Ng4 $146 (10... g4 $11 11. N3d2 h5) ({Predecessor:} 10... g4 11. Nh4 Nxe4 12. dxe4 Qxh4 13. Be3 Be6 14. Bxe6 fxe6 15. Qb3 Kd7 16. Rad1 Rhf8 {0-1 Nihal,S (2692)-Praggnanandhaa,R (2741) Che Thiruvananthapuram m blitz 2023 (3)}) 11. Re2 $14 Rg8 12. b4 Qf6 13. Raa2 {[%emt 0:14:48] Black must now prevent h3.} Qg6 14. a5 (14. d4 $142) 14... Nd8 (14... Be6 $16) 15. d4 $18 Be6 16. Qb3 c6 {[%emt 0:08:58] [#]} (16... Nf6 {was called for.}) 17. Ng3 $1 h5 18. Rad2 (18. Nxg5 h4 19. Nf5 Bxf5 20. exf5 Qxf5 $18) (18. Bxg5 Bxc4 19. Qxc4 Ne6 $18) 18... Bb8 19. d5 Bd7 20. Qd1 Nf6 {[%emt 0:00:29] [#]} 21. dxc6 $1 Nxc6 22. Bd3 (22. Rd3 $18) 22... h4 $16 23. Nf5 {[%emt 0:00:11] aiming for Bc2.} Nh5 (23... Qh7 $16) 24. b5 $18 axb5 (24... Nxa5 {might work better.} 25. Ra2 axb5) 25. Bxb5 Nf4 26. Nxd6+ Bxd6 $2 (26... Ke7) 27. Rxd6 Nxe2+ 28. Bxe2 Be6 29. a6 bxa6 30. Rxc6 Qxe4 31. Rd6 h3 32. c4 (32. Bxg5 $2 {too greedy.} Rxg5 33. g3 Bg4 $19) (32. Rxa6 Rxa6 33. Bxa6 f6 $16) 32... g4 33. Ne1 Ke7 34. Bd3 Qb7 35. Ba3 {[%emt 0:00:01] Threatens to win with Rb6+.} Kf6 36. Qc1 Rh8 {[%emt 0:00:13] Inhibits Qh6+.} 37. Bb2 {[%emt 0:00:33][%cal Ba3b2,Bb2e5,Be5d6][%mdl 32] Strongly threatening Qf4+.} Rh5 38. Qf4+ Ke7 39. Bxe5 Qb4 40. Qf6+ Ke8 41. Rxe6+ fxe6 42. Qxe6+ Kd8 43. Bd6 (43. Qxg4 $2 {loses.} Qxe1+ (43... Rxe5 $2 44. Qd4+ Kc7 45. Qxe5+ $18) 44. Bf1 Qxe5 $19 (44... Rxe5 45. Qg8+ Ke7 46. Qxa8 $15)) 43... Qb7 44. Qg8+ Kd7 45. Qf7+ Kxd6 46. Qxb7 Re8 47. Qxa6+ Kd7 48. Qb7+ Kd6 49. Qb4+ Kc7 50. Bg6 1-0

[Event "3rd Sunway Formentera-A 2024"]
[Site "Formentera"]
[Date "2024.04.11"]
[Round "3.7"]
[White "Prado, Alexandra"]
[Black "Krzywda, Andrzej"]
[Result "1/2-1/2"]
[ECO "C43"]
[WhiteElo "1839"]
[BlackElo "2214"]
[Annotator "TA"]
[PlyCount "46"]
[EventDate "2024.04.03"]
[EventType "swiss"]
[EventCountry "ESP"]
[SourceTitle "playchess.com"]
[Source "ChessBase"]
[SourceQuality "1"]
[TimeControl "40/5400+30:1800+30"]

1. e4 e5 2. Nf3 Nf6 3. d4 Nxe4 4. Bd3 d5 5. Nxe5 Bd6 6. O-O O-O 7. c4 Bxe5 8. dxe5 Nc6 9. f4 Bf5 10. Bxe4 dxe4 11. Nc3 Nb4 {[%emt 0:09:13] The position is equal.} 12. Be3 Re8 13. a3 Qxd1 (13... Nd3 {seems wilder.} 14. Qe2 Qh4 15. Nd5 Bg4) 14. Raxd1 Nc2 (14... Nd3 $11) 15. Kf2 $16 Be6 16. b3 (16. Nxe4 Bxc4 17. Rg1 Nxe3 18. Kxe3 Bb5 $16) 16... a6 17. Rd2 Nxe3 18. Kxe3 {[%emt 0:00:02][%cal Of4f5] [#] And now f5! would win.} b5 {[%emt 0:01:48] Black is weak on the dark squares} (18... Rad8 $16 19. Rxd8 (19. Nxe4 Rxd2 20. Kxd2 Bf5 $16) 19... Rxd8) 19. Nxe4 (19. cxb5 axb5 20. a4 (20. Kxe4 c6 $15) (20. Nxe4 Rxa3 21. Rd3 Rxb3 $11) (20. Nxb5 Reb8 $14) 20... Bxb3 $14) (19. f5 $142 Bc8 20. Nd5 (20. Kxe4 bxc4 21. bxc4 Kf8 $18) (20. cxb5 axb5 21. Nd5 Rxa3 $14)) 19... bxc4 20. bxc4 (20. f5 $18 Bc8 21. bxc4) 20... f6 {[%emt 0:00:13] [#]} (20... Rad8 $16 21. Rd4 h5) 21. f5 $1 $18 (21. exf6 $2 {perishes.} Bf5 22. fxg7 Rxe4+ 23. Kf3 Rae8 $19 (23... Kxg7 24. g4 $11) (23... Rxc4 $2 24. Re1 $19)) 21... Bxc4 22. Rc1 Bb5 (22... Bf7 $142) 23. e6 ({Worse is} 23. Rxc7 Rxe5 24. Kf4 Rae8 $11) 23... Rac8 {[%emt 0:00:30][%mdl 32768] White took control after the opening.   Weighted Error Value: White=0.15 (very precise) /Black=0.48.  Mistake:       	White=2     	Black=4      OK:         	White=4     	Black=2      Best:        	White=2     	---        Strong:       	White=1     	---       . An unexpected result.} 1/2-1/2

[Event "3rd Sunway Formentera-A 2024"]
[Site "Formentera"]
[Date "2024.04.11"]
[Round "3.8"]
[White "Kazarian, Anna-Maja"]
[Black "Schulman, Julia"]
[Result "1-0"]
[ECO "B75"]
[WhiteElo "2207"]
[BlackElo "1732"]
[Annotator "TA"]
[PlyCount "57"]
[EventDate "2024.04.03"]
[EventType "swiss"]
[EventCountry "ESP"]
[SourceTitle "playchess.com"]
[Source "ChessBase"]
[SourceQuality "1"]
[TimeControl "40/5400+30:1800+30"]

1. e4 c5 2. Nf3 d6 3. d4 cxd4 4. Nxd4 Nf6 5. Nc3 g6 6. Be3 Bg7 7. f3 a6 8. Qd2 h5 $1 9. Bc4 b5 10. Bb3 Bb7 {[%emt 0:02:35] [#] White is slightly better.} 11. a4 $1 b4 12. Na2 a5 13. c3 bxc3 14. Nxc3 Nbd7 15. Ndb5 Ne5 16. O-O h4 (16... O-O $14) 17. h3 $16 Rh5 18. Rad1 {[%emt 0:00:00] White has more active pieces.} Rc8 (18... Ned7 $16 {was necessary.} 19. Bc4 Rc8) 19. f4 $18 Ned7 20. Bc2 Nb6 $2 {[%emt 0:09:41] Loses the game.} (20... Rc4 $16) 21. b3 ({Better is} 21. Qe2 $18) 21... Nfd7 (21... Nbd7 $16 {might work better.} 22. Bd4 Kf8) 22. e5 dxe5 $2 (22... Kf8 23. Be4 (23. exd6 e6 $16) 23... Ba8) 23. f5 f6 24. fxg6 Rb8 25. Qe2 Rh8 26. Qg4 {[%emt 0:00:00] [#] Threatening mate with Qe6.} Qc8 27. Qe6 Qc6 28. Qf7+ Kd8 29. Be4 {[%emt 0:00:00] Weighted Error Value: White=0.14 (very precise) /Black=0.92.  Mistake:       	White=1     	Black=5      Inaccurate:     	---       	Black=2      OK:         	White=8     	Black=3      Best:        	White=1     	Black=2      Strong:       	White=1     	---} (29. Qxg7 $2 Qxg2#) 1-0